 Dungeon Crawl Stone Soup version 0.18-a0-1643-gb89d9db (webtiles) character file.

179 Oddball22 the Skirmisher (level 5, -6/43 HPs)
             Began as a Demonspawn Monk on Mar 28, 2016.
             Mangled by Crazy Yiuf
             ... wielding a +4 quarterstaff of chaos
              (20 damage)
             ... on level 4 of the Dungeon.
             The game lasted 00:07:32 (3309 turns).

Oddball22 the Skirmisher (Demonspawn Monk)          Turns: 3309, Time: 00:07:32

Health: -6/43      AC: 11    Str: 12    XL:     5   Next: 32%
Magic:  5/5        EV: 13    Int: 11    God:
Gold:   101        SH:  0    Dex: 14    Spells: 0 memorised, 4 levels left

rFire  + . .     SeeInvis .     k - +2 dagger (venom)
rCold  . . .     Gourm    .     p - +2 robe {rF+}
rNeg   . . .     Faith    .     (no shield)
rPois  .         Spirit   .     (no helmet)
rElec  .         Dismiss  .     (no cloak)
rCorr  .         Reflect  .     (no gloves)
SustAt .         Harm     .     (no boots)
MR     .....                    v - amulet of rage
Stlth  ++........               (no ring)
                                (no ring)

@: not resistant to hostile enchantments, unstealthy
A: rough black scales 2
a: Evoke Berserk Rage


You were on level 4 of the Dungeon.
You were not hungry.

You visited 1 branch of the dungeon, and saw 4 of its levels.

You collected 101 gold pieces.

Inventory:

Hand Weapons
 k - a +2 dagger of venom (weapon)
Missiles
 c - 59 bolts
Armour
 p - a +2 robe of fire resistance (worn)
Jewellery
 v - an amulet of rage (around neck)
Wands
 n - a wand of slowing (24/48)
 w - a wand of lightning (6/15)
Scrolls
 a - a scroll of fog {unknown}
 f - a scroll of noise {unknown}
 g - 6 scrolls of identify {unknown}
 h - a scroll of random uselessness {unknown}
 i - a scroll of fear {unknown}
 j - 2 scrolls of remove curse {unknown}
 l - 2 scrolls of magic mapping {unknown}
 m - a scroll of amnesia {unknown}
Potions
 e - a potion of ambrosia {unknown}
 o - 2 potions of invisibility {unknown}
 q - a potion of degeneration {unknown}
 r - a potion of brilliance {unknown}
 u - a potion of lignification {unknown}
Miscellaneous
 d - a plain deck of defence
Comestibles
 b - 4 bread rations
 s - a chunk of flesh
 t - 5 fruits


   Skills:
 * Level 4.6 Fighting
 + Level 3.6 Dodging
 - Level 1.7 Stealth
 + Level 4.3 Unarmed Combat


You had 4 spell levels left.
You didn't know any spells.

Dungeon Overview and Level Annotations

Branches:
Dungeon (4/15)
 Temple: D:4-7

Altars:
Nemelex Xobeh
Pakellas
Trog
Vehumet

Annotations:
D:4 Crazy Yiuf


Innate Abilities, Weirdness & Mutations

You are mostly covered in rough black scales (AC +7, Dex -2).


Message History

No target in view!
You hit Crazy Yiuf.
Crazy Yiuf is poisoned.
Crazy Yiuf is lightly wounded.
Crazy Yiuf twirls on the spot.
Crazy Yiuf hits you with a quarterstaff of chaos!
Crazy Yiuf freezes you.
You hit Crazy Yiuf.
Crazy Yiuf looks even sicker.
Crazy Yiuf is lightly wounded.
Crazy Yiuf hits you but does no damage.
You hit Crazy Yiuf.
Crazy Yiuf is moderately wounded.
Crazy Yiuf misses you.
You hit Crazy Yiuf.
Crazy Yiuf is heavily wounded.
Crazy Yiuf hits you with a quarterstaff of chaos.
You hit Crazy Yiuf.
Crazy Yiuf is severely wounded.
Crazy Yiuf hits you with a quarterstaff of chaos!
Space warps horribly around you!
You die...

####'###
#...#..#.###....#.#
#......# #...##.#.#
#....#.# #......+
..... #...#
#....#.#
#....#########
##### #....#.#
#....# +..
#....##♣♣♣♣♣ #.#
#........♣.♣♣♣ ###
#.#
#.........♣..♣#...#
#........♣♣♣♣@g...#
#......♣♣♣ ♣♣#..)#
#....##♣ ### ######


You could see Crazy Yiuf.

Vanquished Creatures
  Blork the orc (D:4)
  Jessica (D:2)
  3 adders
  An ooze (D:1)
  A dart slug (D:2)
  An orc (D:3)
  A ball python (D:1)
  4 bats
  A giant cockroach (D:1)
  6 goblins
  9 hobgoblins
  3 jackals (D:4)
  5 giant newts
  A jackal skeleton (D:3)
  8 kobolds
  6 rats
52 creatures vanquished.

Vanquished Creatures (others)
  A lightning spire (D:2)
  2 bushes (D:2)
3 creatures vanquished.

Grand Total: 55 creatures vanquished

Notes
Turn   | Place    | Note
--------------------------------------------------------------
     0 | D:1      | Oddball22 the Demonspawn Monk began the quest for the Orb.
     0 | D:1      | Reached XP level 1. HP: 18/18 MP: 1/1
   117 | D:1      | Found a sparkling altar of Nemelex Xobeh.
   483 | D:1      | Gained mutation: You are partially covered in rough black scales (AC +4, Dex -1). [demonic ancestry]
   483 | D:1      | Reached XP level 2. HP: 24/24 MP: 2/2
  1181 | D:2      | Found an oddly glowing altar of Pakellas.
  1182 | D:2      | Noticed a sphinx
  1260 | D:2      | Found a radiant altar of Vehumet.
  1291 | D:2      | Reached XP level 3. HP: 27/29 MP: 3/3
  1517 | D:2      | Noticed Jessica
  1520 | D:2      | Killed Jessica
  2228 | D:3      | Found a bloodstained altar of Trog.
  2251 | D:3      | Reached XP level 4. HP: 37/37 MP: 4/4
  2294 | D:3      | Found a faded altar to an unknown god.
  2752 | D:4      | Noticed Blork the orc
  2752 | D:4      | Noticed an ogre
  2752 | D:4      | Noticed a phantom
  3012 | D:4      | Killed Blork the orc
  3012 | D:4      | Gained mutation: You are mostly covered in rough black scales (AC +7, Dex -2). [demonic ancestry]
  3012 | D:4      | Reached XP level 5. HP: 14/43 MP: 5/5
  3301 | D:4      | Noticed Crazy Yiuf
  3309 | D:4      | Mangled by Crazy Yiuf

Vault maps used:
D:1:      nagdon_arrival_double_spiral, nemelex_deck
D:2:      vehumet_crystals, gammafunk_pakellas_spire_experiment, uniq_jessica
D:3:      ecumenical_altar_1, trog_hazing_becter
D:4:      kennysheep_mini_moat, first_bread, uniq_blork_the_orc,
          uniq_crazy_yiuf_cottage

Skill      XL: |  1  2  3  4 |
---------------+-------------+-----
Dodging        | 3 |  3.6
Unarmed Combat | 4 |  4.3
Fighting       | 4 |  4.6
Stealth        | |  1.7

Action                   |  1- 3 |  4- 6 || total
-------------------------+-------+-------++-------
Melee: Unarmed           |    68 |       ||    68
       Dagger            |    27 |    61 ||    88
 Stab: Sleeping          |     6 |     2 ||     8
       Distracted        |     1 |       ||     1
  Eat: Chunk             |     4 |     3 ||     7
